 Dungeon Crawl Stone Soup version 0.24-a0-459-g225fefd530 (webtiles) character file.

Game seed: 1631841975605920399

219 Mrkan the Cudgeler (level 5, 0/47 HPs)
             Began as a Ghoul Monk on June 27, 2019.
             Slain by an ice beast (2 damage)
             ... on level 3 of the Dungeon.
             The game lasted 00:05:16 (1943 turns).

Mrkan the Cudgeler (Ghoul Monk)                     Turns: 1943, Time: 00:05:17

Health: 0/47       AC:  9    Str: 16    XL:     5   Next: 96%
Magic:  4/4        EV:  7    Int:  5    God:
Gold:   87         SH:  0    Dex: 11    Spells: 4/4 levels left

rFire    . . .     SeeInvis .   a - +0 mace
rCold    + . .     Gourm    .   (no shield)
rNeg     + + +     Faith    .   l - +0 chain mail
rPois    ∞         Spirit   .   o - +0 helmet
rElec    .         Reflect  .   (no cloak)
rCorr    .         Harm     .   (no gloves)
MR       .....                  (no boots)
Stlth    ..........             (no amulet)
HPRegen  0.00/turn              (no ring)
MPRegen  0.09/turn              (no ring)

@: rotting
A: rotting body, claws 1, carnivore, cold resistance 1, negative energy
resistance 3, inhibited regeneration, torment resistance, unbreathing
a: no special abilities


You were on level 3 of the Dungeon.
You were not hungry.

You visited 1 branch of the dungeon, and saw 3 of its levels.

You collected 87 gold pieces.

Inventory:

Hand Weapons
 a - a +0 mace (weapon)
 j - a +0 hunting sling
Missiles
 b - 112 stones (quivered)
Armour
 l - a +0 chain mail (worn)
 o - a +0 helmet (worn)
Scrolls
 d - 2 scrolls of enchant weapon {unknown}
 e - 2 scrolls of teleportation {unknown}
 m - 3 scrolls of identify {unknown}
 r - a scroll of amnesia {unknown}
Potions
 f - a potion of resistance
 g - a potion of curing {unknown}
 h - a potion of lignification
 i - a potion of haste {unknown}
 k - a potion of degeneration {unknown}
 p - a potion of might {unknown}
 q - a potion of agility {unknown}
Comestibles
 c - 6 rations
 n - 4 chunks of flesh


   Skills:
 + Level 4.8 Fighting
 * Level 5.0 Maces & Flails
 - Level 2.6 Dodging
 - Level 2.1 Stealth


You had 4 spell levels left.
You didn't know any spells.
Your spell library was empty.

Dungeon Overview and Level Annotations

Branches:
Dungeon (3/15)

Altars:
Nemelex Xobeh
Okawaru
Qazlal
Sif Muna

Annotations:
D:3 1 runed translucent door, Crazy Yiuf


Innate Abilities, Weirdness & Mutations

Your body is rotting away.
You thrive on raw meat.
You are immune to poison.
You have sharp fingernails.
You are carnivorous and can eat meat at any time.
Your flesh is cold resistant. (rC+)
You are immune to negative energy. (rN+++)
You do not regenerate when monsters are visible.
You are immune to unholy pain and torment.
You can survive without breathing.


Message History

The ice beast is lightly wounded.
The ice beast hits you but does no damage.
You hit the ice beast but do no damage.
The ice beast is lightly wounded.
The ice beast hits you but does no damage.
You hit the ice beast but do no damage.
The ice beast is lightly wounded.
The ice beast hits you. The ice beast freezes you! You resist.
* * * LOW HITPOINT WARNING * * *
The ice beast hits you but does no damage.
You hit the ice beast.
The ice beast is moderately wounded.
The ice beast hits you.
* * * LOW HITPOINT WARNING * * *
The ice beast freezes you! You resist.
* * * LOW HITPOINT WARNING * * *
You hit the ice beast but do no damage.
The ice beast is moderately wounded.
The ice beast hits you.
You die...

##........#
#....####.#
#+..+# #.# #....#
#.# #...## #†#
##.## #.# #.##
#.# ##Y# #.# #@#
#.# ##.# #.####
########## +#
#....# .........#
.. #....#
(........#### ..#
#..?.#
.........#..# .)#
#....#
...........## ###
#....#
.).......###
#....#
.........########
###....#


You could see an ice beast.

Vanquished Creatures
  A bullfrog (D:2)
  7 adders
  A gnoll (D:1)
  An ooze (D:1)
  5 worms
  2 dart slugs (D:2)
  An orc (D:3)
  2 giant cockroaches
  8 goblins
  7 hobgoblins
  2 quokkas (D:2)
  2 ball pythons
  11 bats
  3 frilled lizards (D:1)
  8 kobolds
  3 rats
64 creatures vanquished.

Notes
Turn   | Place    | Note
-------+----------+-------------------------------------------
     0 | D:1      | Mrkan the Ghoul Monk began the quest for the Orb.
     0 | D:1      | Reached XP level 1. HP: 19/19 MP: 0/0
    29 | D:1      | Reached skill level 3 in Maces & Flails
    44 | D:1      | Reached XP level 2. HP: 26/26 MP: 1/1
   496 | D:1      | Reached XP level 3. HP: 24/33 MP: 2/2
   645 | D:2      | Noticed a bullfrog
   665 | D:2      | Killed a bullfrog
   665 | D:2      | Reached skill level 4 in Maces & Flails
   665 | D:2      | Reached XP level 4. HP: 27/41 MP: 3/3
   755 | D:2      | Found a stormy altar of Qazlal.
   810 | D:2      | Reached XP level 5. HP: 42/47 MP: 4/4
  1251 | D:2      | Found a deep blue altar of Sif Muna.
  1729 | D:3      | Found an iron altar of Okawaru.
  1816 | D:3      | Reached skill level 5 in Maces & Flails
  1850 | D:3      | Noticed an ice beast
  1863 | D:3      | Found a sparkling altar of Nemelex Xobeh.
  1935 | D:3      | Found a runed translucent door.
  1936 | D:3      | Noticed Crazy Yiuf
  1942 | D:3      | HP: 2/47 [ice beast (7)]
  1943 | D:3      | Slain by an ice beast

Levels and vault maps discovered:
D:1:      minmay_arrival_cross, layout_basic, grunt_decor_mini_mirrors
D:2:      layout_basic, grunt_qazlal_sundering, lemuel_coloured_pillars_altar,
          first_ration, minmay_cut_off
D:3:      layout_rooms, lemuel_round_altar, okawaru_ov_weapons_minmay,
          nicolae_overflow_hidden_temple, uniq_crazy_yiuf_cottage

Skill      XL: |  1  2  3  4  5 |
---------------+----------------+-----
Maces & Flails | 3 4 5 |  5.0
Fighting       | 4 |  4.8
Dodging        | |  2.6
Stealth        | |  2.1

Action                   |  1- 3 |  4- 6 || total
-------------------------+-------+-------++-------
Melee: Mace              |    77 |   171 ||   248
  Use: Potion            |     3 |     1 ||     4
  Eat: Chunk             |     3 |     5 ||     8
Armor: Robe              |     8 |       ||     8
       Scale mail        |    10 |       ||    10
       Chain mail        |     7 |   136 ||   143
Dodge: Dodged            |    43 |    88 ||   131

Table legend:
 A = Non-vault XP
 B = Vault XP
 C = Vault XP percentage of total XP
 D = Non-vault monster count
 E = Vault monster count
 F = Vault count percentage of total count
                 A         B        C        D         E       F
            +---------+---------+-------+---------+---------+-------
      Total |     299 |      15 |   4.8 |      62 |       2 |   3.1
            +---------+---------+-------+---------+---------+-------
        D:1 |      52 |       0 |   0.0 |      24 |       0 |   0.0
        D:2 |     204 |      15 |   6.8 |      27 |       2 |   6.9
        D:3 |      43 |       0 |   0.0 |      11 |       0 |   0.0
            +---------+---------+-------+---------+---------+-------
